AoeStats
← Liopoldo

Four Lakes

508900034Analyzed
1v1 RM · 9d ago on Sep 24, 2026· 27m 34s· 2 players
Game mode
Random Map
Map size
Tiny (2 player)
Population
200
Speed
Normal
Resources
Standard
Victory
Conquest
Starting age
Dark Age
Ending age
Imperial Age
RankedLock teamsTeams togetherTeam positionsShared explorationLock speedFull tech treeHidden civsTurbo modeCheats
Victory
Defeat
🇪🇸 Aztecs · Spain
1145
+17
🇧🇪 Armenians · Belgium
1174
-17
Liopoldo
9:14 Loom
11:51 Feudal Age
12:47 Arson
14:11 Double-Bit Axe
15:13 Gold Mining
19:02 Castle Age
18:18 Fletching
19:19 Crossbowman
22:41 Padded Archer Armor
23:47 Ballistics
23:34 Bodkin Arrow
Nabri
7:22 Loom
9:43 Feudal Age
9:48 Man-at-Arms
10:58 Horse Collar
14:07 Long Swordsman
15:44 Arson
18:30 Double-Bit Axe
19:01 Scale Mail Armor
19:13 Forging
23:42 Castle Age
24:27 Squires
Connection lost

Rejoining the realm…

Still unreachable

The connection could not be restored.

Session expired

The server has moved on; the page needs a fresh start.